 Dungeon Crawl Stone Soup version 0.19.0-9-gfd783f2 (webtiles) character file.

721899 Khazard the Meteorologist (level 27, -14/160 HPs)
             Began as a Tengu Wizard on Nov 5, 2016.
             Was the Champion of Makhleb.
             Demolished by a Hell Sentinel (26 damage)
             ... on level 5 of the Abyss on Nov 7, 2016.
             The game lasted 03:16:10 (68106 turns).

Khazard the Meteorologist (Tengu Wizard)           Turns: 68106, Time: 03:16:11

Health: -14/160    AC: 21    Str:  8      XL:     27
Magic:  3/49       EV: 33    Int: 42 (43) God:    Makhleb [******]
Gold:   5924       SH: 10    Dex: 24      Spells: 12 memorised, 16 levels left

rFire  + . .     SeeInvis +     B - staff of energy
rCold  + . .     Gourm    +     f - +2 robe {Archmagi}
rNeg   + + +     Faith    .     m - +1 buckler {AC+3}
rPois  ∞         Spirit   .     h - +0 hat of the Bruised Spirits {MR++ Int+3}
rElec  .         Reflect  .     E - +2 cloak
rCorr  .         Harm     .     t - +2 pair of gloves {Dex+3}
MR     +++++     Clarity  +     (boots unavailable)
Stlth  +++.......               F - amulet of Olainn {Gourm MR+ Int+2 Dex+6}
                                v - +4 ring of intelligence
                                w - ring of Runia {rF+ MR+ Int+5 Slay+2}

@: lich-form, tornado, flying quickly and evasively, very slightly contaminated,
deflect missiles, quick
A: beak, talons 3, yellow scales 1, see invisible, clarity, wild magic 1, able
to fly 2
a: Stop Flying, End Transformation, Minor Destruction, Lesser Servant of
Makhleb, Major Destruction, Greater Servant of Makhleb, Renounce Religion
}: 2/15 runes: decaying, slimy


You were on level 5 of the Abyss.
You worshipped Makhleb.
Makhleb was exalted by your worship.
You were not hungry.
You were a lich.
You visited 11 branches of the dungeon, and saw 53 of its levels.
You visited the Abyss 2 times.
You also visited: Trove and Volcano.

You collected 10219 gold pieces.
You spent 4295 gold pieces at shops.

Inventory:

Armour
 f - a +2 robe of the Archmagi (worn)
 h - the +0 hat of the Bruised Spirits (worn) {MR++ Int+3}
   (You found it on level 4 of the Vaults)

   It affects your intelligence (+3).
   It affects your resistance to hostile enchantments.
 m - a +1 buckler of protection (worn)
 t - a +2 pair of gloves of dexterity (worn)
 E - a +2 cloak (worn)
 I - the +2 robe of the Sun {rC++ SInv}
   (You found it on level 4 of the Vaults)

   It greatly protects you from cold.
   It lets you see invisible.
 S - the +0 shield of Ennui {Dex+6 Slay+2}
   (You found it on level 7 of the Dungeon)

   It affects your dexterity (+6).
   It affects your accuracy and damage with ranged weapons and melee attacks
   (+2).
Magical Staves
 a - an uncursed staff of air
 b - an uncursed staff of conjuration
 B - an uncursed staff of energy (weapon)
Jewellery
 u - the amulet of Leleum Yclu {Faith rF++ Dex+3 Slay+3}
   (You found it in a treasure trove)

   [amulet of faith]

   It allows you to gain divine favour quickly.
   It affects your dexterity (+3).
   It affects your accuracy and damage with ranged weapons and melee attacks
   (+3).
   It greatly protects you from fire.
 v - a +4 ring of intelligence (right hand)
 w - the ring of Runia (left hand) {rF+ MR+ Int+5 Slay+2}
   (You found it in a treasure trove)

   [ring of protection from magic]

   It affects your intelligence (+5).
   It affects your accuracy and damage with ranged weapons and melee attacks
   (+2).
   It protects you from fire.
   It affects your resistance to hostile enchantments.
 F - the amulet of Olainn (around neck) {Gourm MR+ Int+2 Dex+6}
   (You found it on level 9 of the Dungeon)

   [amulet of the gourmand]

   It allows you to eat raw meat even when not hungry.
   It affects your intelligence (+2).
   It affects your dexterity (+6).
   It affects your resistance to hostile enchantments.
 P - the ring "Bunn" {Ice MP+9 SInv Stlth+}
   (You found it in a treasure trove)

   [ring of ice]

   It enhances your ice magic.
   It makes you vulnerable to fire.
   It protects you from cold.
   It affects your magic capacity (+9).
   It lets you see invisible.
   It makes you more stealthy.
 U - an uncursed ring of protection from fire
 Z - an uncursed ring of wizardry
Wands
 c - a wand of flame (30/48)
 r - a wand of hasting (0/9)
 D - a wand of teleportation (3/9)
 L - a wand of hasting (1/9)
 M - a wand of digging (5/24)
 N - a wand of digging (0/24)
 R - a wand of heal wounds (4/9)
 V - a wand of heal wounds (6/9)
 Y - a wand of teleportation (3/9)
Scrolls
 d - a scroll of fear
 e - 6 scrolls of fog
 n - 8 scrolls of amnesia
 o - 5 scrolls of magic mapping
 p - 2 scrolls of blinking
 s - 2 scrolls of enchant armour
 x - 5 scrolls of enchant weapon
 y - 7 scrolls of recharging
 A - 9 scrolls of teleportation
 O - 23 scrolls of remove curse
 T - 10 scrolls of identify
Potions
 g - a potion of cancellation
 i - 3 potions of magic
 j - 8 potions of brilliance
 k - 3 potions of ambrosia
 l - 6 potions of haste
 q - 6 potions of heal wounds
 z - 18 potions of curing
 J - 4 potions of cure mutation
 X - 8 potions of agility
Books
 H - a book of Beasts

   Spells                             Type                      Level
   a - Summon Butterflies             Summoning                    1
   b - Call Canine Familiar           Summoning                    3
   c - Summon Ice Beast               Ice/Summoning                4
   d - Summon Mana Viper              Hexes/Summoning              5
   e - Summon Hydra                   Summoning                    7
 K - Kyamom's Grimoire of the Birds and the Blaze {AKA How makhbabies are made}
   (You found it on level 5 of the Pits of Slime)

   Spells                             Type                      Level
   a - Flame Tongue                   Conjuration/Fire             1
   b - Shock                          Conjuration/Air              1
   c - Airstrike                      Air                          4
   d - Sticky Flame                   Conjuration/Fire             4
   e - Deflect Missiles               Charms/Air                   6
Miscellaneous
 G - a crystal ball of energy
Comestibles
 W - 13 meat rations


   Skills:
 - Level 13.3 Fighting
 - Level 9.4 Staves
 - Level 15.0 Dodging
 - Level 3.9 Stealth
 - Level 13.4 Shields
 * Level 21.9 Spellcasting
 - Level 20.4 Conjurations
 - Level 5.1 Charms
   Level 1.2 Summonings
 - Level 23.0 Necromancy
 - Level 5.0 Translocations
 - Level 16.2 Transmutations
 O Level 27 Air Magic
   Level 2.0 Earth Magic
   Level 3.0 Poison Magic
 - Level 4.9 Invocations
 - Level 11.9 Evocations


You had 16 spell levels left.
You knew the following spells:

 Your Spells              Type           Power        Failure   Level  Hunger
a - Airstrike             Air            #########.   1%          4    N/A
b - Blink                 Tloc           N/A          1%          2    N/A
f - Regeneration          Chrm/Necr      #########.   1%          3    N/A
g - Sublimation of Blood  Necr           #########.   1%          2    N/A
k - Deflect Missiles      Chrm/Air       #########.   1%          6    N/A
l - Lightning Bolt        Conj/Air       #########.   1%          5    N/A
n - Dispel Undead         Necr           ########     1%          5    N/A
o - Ozocubu's Armour      Chrm/Ice       #######.     1%          3    N/A
s - Tornado               Air            #########.   2%          9    N/A
u - Bolt of Draining      Conj/Necr      #########.   1%          5    N/A
A - Apportation           Tloc           ########..   1%          1    N/A
N - Necromutation         Tmut/Necr      #########.   1%          8    N/A

Dungeon Overview and Level Annotations

Branches:
Dungeon (15/15)            Temple (1/1) D:7            Lair (6/6) D:11
  Swamp (4/4) Lair:4        Snake (4/4) Lair:4        Slime (5/5) Lair:5
    Orc (2/2) D:10            Elf (3/3) Orc:2        Vaults (5/5) D:14
  Crypt (3/3) Vaults:3       Tomb (0/3) Crypt:3      Depths (5/5) D:15
    Zot (0/5) Depths:5

Altars:
Ashenzari
Cheibriados
Dithmenos
Elyvilon
Gozag
Hepliaklqana
Kikubaaqudgha
Makhleb
Nemelex Xobeh
Okawaru
Qazlal
Ru
Sif Muna
Trog
Uskayaw
Vehumet
Xom
Yredelemnul
Zin
The Shining One

Shops:
D:8 (   D:11 *   Orc:1 !   Orc:2 *[=(   Elf:1 :   Elf:3 %   Snake:2 =}}
Vaults:1 %   Vaults:3 (

Portals:
Hell: Depths:1 Depths:2 Depths:3 Depths:4 Depths:5
Abyss: Depths:4
Pandemonium: Depths:1 Depths:3
Ziggurat: Depths:1

Annotations:
D:11 exclusion: downstairs
D:14 exclusion: Roxanne, Roxanne
Elf:2 3 runed doors


Innate Abilities, Weirdness & Mutations

You have a beak for a mouth.
You have claws for feet.
You can fly continuously.
You are partially covered in yellow scales. (AC +2)
You have supernaturally acute eyesight. (SInv)
You possess an exceptional clarity of mind.
Your spells are a little harder to cast, but a little more powerful.


Message History

You channel some magical energy.
The tentacled starspawn bites you! The tentacled starspawn misses you.
The starcursed mass misses you.
The Hell Sentinel completely misses you.
The Hell Sentinel misses you.
You block the starspawn tentacle's attack.
A large abomination comes into view.
Unknown command.
Unknown command.
Unknown command.
Casting: Tornado
Confirm with . or Enter, or press ? or * to list all spells.
You feel a surge of power!
A great vortex of raging winds appears around you.
The starcursed mass shudders and is absorbed by its neighbour. x2
The tentacled starspawn bites you!!
* * * LOW HITPOINT WARNING * * *
The tentacled starspawn engulfs you!
* * * LOW HITPOINT WARNING * * *
The Hell Sentinel hits you!!
You die... . .# .#. #.. . #. .v #... .. .. #... ).
X.x

... X#Y.
†... X
#4#..÷ #
[ ##X#§#
. #1Lw[#
.[
##X##XX#
# w#§ #
# .# X#
## #. #
#. . # #


You could see a hellephant, 5 starcursed masses, a Hell Sentinel, a tentacled
starspawn, a spatial vortex (wandering), a large abomination, a chaos spawn, a
small abomination and 2 starspawn tentacles.

Vanquished Creatures
  the Royal Jelly (Slime:5)
  Mennas (Vaults:5)
  5 ancient liches (Vaults:5)
  Mara (Depths:4)
  3 juggernauts
  the Lernaean hydra (Swamp:4)
  Vashnia (Snake:3)
  Margery (Depths:1)
  8 caustic shrikes
  3 golden dragons
  A profane servitor (Abyss:5)
  9 bone dragons
  Jorgrun (Swamp:3)
  A Hell Sentinel (Abyss:5)
  A hellephant (Abyss:5)
  6 tentacled monstrosities
  12 liches
  2 deep elf blademasters (Elf:3)
  A titan (Depths:5)
  2 deep elf master archers (Elf:3)
  3 quicksilver dragons
  21 acid blobs
  Kirke (Swamp:3)
  3 Executioners
  6 sphinxes
  The ghost of stickyfingers the Markscentaur, an adept CeVM of Fedhas (Snake:4)
  30 tentacled starspawn
  2 ancient champions
  6 shadow dragons
  5 storm dragons
  4 thorn hunters
  Donald (Swamp:3)
  12 tengu reavers
  5 nagarajas (Snake:4)
  5 daevas
  24 fire giants
  9 azure jellies
  7 frost giants
  Louise (Snake:3)
  A ghost moth (Abyss:4)
  Aizul (Snake:3)
  8 vault wardens
  An orc warlord (Orc:2)
  A draconian knight (Depths:5)
  3 iron dragons
  4 balrugs
  11 deep elf sorcerers
  A draconian shifter (Depths:5)
  5 ghouls
  A juggernaut zombie (Crypt:2)
  3 ophanim
  2 spriggan defenders
  3 war gargoyles
  4 deep elf elementalists
  3 entropy weavers
  16 ironheart preservers
  2 reapers
  A draconian annihilator (Depths:3)
  46 very ugly things
  17 stone giants
  23 vampire knights
  A draconian caller (Depths:5)
  Nessos (Lair:4)
  A red draconian (Depths:5)
  12 deep elf demonologists
  A mottled draconian (Depths:5)
  10 deep elf annihilators
  2 yellow draconians
  A dire elephant (shapeshifter) (Vaults:2)
  5 lorocyprocas (Abyss:5)
  2 black draconians
  8 spark wasps (Depths:2)
  21 ettins
  Snorg (Lair:4)
  2 blizzard demons
  9 death oozes (Slime:5)
  10 deep elf death magi
  2 merfolk javelineers
  A quicksilver dragon zombie (Abyss:2)
  3 eidola
  11 jiangshi
  24 yaktaur captains
  12 fire dragons
  9 deep elf high priests
  14 great orbs of eyes
  14 rakshasas
  An ice dragon (shapeshifter) (Depths:1)
  10 ice dragons
  19 naga warriors
  35 vault guards
  22 hydras
  3 catoblepae (Lair:6)
  14 anacondas
  A spriggan air mage (Depths:4)
  12 centaur warriors
  The ghost of CcS the Cleaver, a novice MiBe of Trog (D:9)
  15 dancing weapons
  A satyr (Abyss:4)
  6 alligators
  9 vampire magi
  14 death yaks (Lair:6)
  6 orc high priests
  7 deep troll shamans
  15 ogre magi
  3 tengu warriors
  A death yak (shapeshifter) (D:14)
  14 deep troll earth magi
  Urug (D:10)
  14 hell hogs
  25 deep elf knights
  A shock serpent (shapeshifter) (Elf:1)
  6 spriggan berserkers
  A storm dragon zombie (Crypt:3)
  34 wretched stars
  7 sun demons
  67 thrashing horrors
  5 shock serpents
  3 shadow wraiths
  22 naga sharpshooters
  3 hell knights
  2 soul eaters (Abyss:5)
  A titan skeleton (Vaults:4)
  A death drake (shapeshifter) (Vaults:4)
  3 salamander mystics
  An iron troll (Depths:1)
  9 spatial maelstroms
  4 sixfirhies
  A sea snake (shapeshifter) (Vaults:3)
  3 unseen horrors (shapeshifter)
  100 starcursed masses
  6 flayed ghosts
  A gelid demonspawn (Depths:1)
  A ghost moth zombie (Crypt:3)
  26 deep trolls
  10 swamp dragons
  7 unseen horrors
  A death drake (Abyss:5)
  39 skeletal warriors
  3 spriggan druids (Swamp:4)
  16 deep elf archers
  11 wizards
  A harpy (shapeshifter) (Vaults:4)
  10 glowing orange brains
  22 phantasmal warriors
  A wolf spider zombie (D:15)
  13 hill giants
  An anaconda skeleton (Crypt:2)
  8 necromancers
  11 harpies
  15 ironbrand convokers
  10 orc sorcerers
  8 naga ritualists
  A sphinx zombie (Crypt:3)
  3 mana vipers
  18 orc knights
  2 manticores
  18 salamanders
  7 shining eyes
  2 frost giant zombies
  A fire giant zombie (Abyss:5)
  89 deep elf magi
  8 oklob plants (Lair:4)
  11 worldbinders
  4 wolf spiders
  19 elephants
  2 stone giant zombies
  2 elephants (shapeshifter)
  70 ugly things
  A manticore (shapeshifter) (Vaults:5)
  A salamander (shapeshifter) (Depths:3)
  4 cyclopes
  A human skeleton (Vaults:2)
  A hell hog skeleton (Crypt:2)
  14 vault sentinels
  2 rust devils
  33 black mambas
  A black mamba (shapeshifter) (Abyss:5)
  7 guardian serpents
  2 frost giant skeletons
  A molten gargoyle (Volcano)
  8 apocalypse crabs
  An orange demon (Abyss:2)
  28 naga magi
  3 eyes of devastation
  14 spiny frogs
  28 smoke demons
  4 kobold demonologists
  3 gargoyles
  Psyche (D:8)
  A rime drake (shapeshifter) (Elf:1)
  5 hellions (Abyss:5)
  4 komodo dragons
  8 efreet
  70 yaktaurs
  10 freezing wraiths
  2 ice devils (Depths:1)
  A komodo dragon (shapeshifter) (Vaults:4)
  A death yak zombie (Crypt:3)
  3 rime drakes
  14 hellwings
  2 tormentors (Abyss:5)
  A purple draconian skeleton (Crypt:3)
  4 guardian mummies (Crypt:3)
  3 hydra zombies
  A green draconian skeleton (Crypt:2)
  10 trolls
  8 red devils
  2 polar bears (shapeshifter)
  2 trolls (shapeshifter) (Vaults:2)
  A tengu simulacrum (Vaults:4)
  24 ancient zymes
  2 tengu conjurers
  A silent spectre (Abyss:4)
  A wind drake (shapeshifter) (Vaults:5)
  A hornet (shapeshifter) (Depths:3)
  3 polar bears (Lair:1)
  Grinder (D:6)
  5 tyrant leeches
  A moth of wrath zombie (Crypt:1)
  34 blink frogs
  An ettin zombie (Crypt:3)
  A snapping turtle (shapeshifter) (Depths:3)
  A hippogriff (shapeshifter) (Depths:2)
  12 hornets
  99 slime creatures
  A dream sheep (shapeshifter) (Vaults:1)
  18 two-headed ogres
  7 bog bodies
  A slime creature (shapeshifter) (Vaults:5)
  27 hippogriffs
  74 raiju
  19 flying skulls
  An ice dragon zombie (Crypt:3)
  A stone giant simulacrum (Abyss:5)
  A fire dragon skeleton (Abyss:5)
  2 spriggans (shapeshifter) (Vaults:1)
  4 shadows
  3 air elementals
  11 wyverns
  A yak (shapeshifter) (Vaults:4)
  11 spriggans
  2 black mamba zombies
  2 fire bats (Volcano)
  2 tarantellas (shapeshifter)
  A vampire (D:14)
  14 ynoxinuls
  A human (D:10)
  6 redbacks
  10 water elementals
  9 fire elementals
  27 yaks
  13 wraiths
  14 golden eyes
  A human (shapeshifter) (Depths:3)
  12 chaos spawn
  A hog (shapeshifter) (Depths:3)
  2 yaktaur simulacra
  2 hungry ghosts
  A steam dragon (Lair:3)
  8 basilisks
  22 neqoxecs
  A catoblepas simulacrum (Abyss:5)
  Edmund (D:6)
  5 wargs
  35 spatial vortices
  72 large abominations
  12 vampire mosquitoes
  23 swamp worms
  18 insubstantial wisps
  44 nagas
  14 water moccasins
  2 hell hounds
  A water moccasin (shapeshifter) (Depths:3)
  A swamp worm (shapeshifter) (Abyss:5)
  11 porcupines
  A torturous demonspawn skeleton (Crypt:1)
  A deep troll skeleton (Crypt:1)
  57 orc warriors
  31 small abominations
  11 swamp drakes
  6 ice beasts
  2 snapping turtle zombies (Crypt:3)
  5 sky beasts
  2 black bears (shapeshifter)
  2 black bears
  3 ettin simulacra (Depths:2)
  4 eyes of draining
  A sky beast (shapeshifter) (Depths:4)
  A hornet zombie (D:14)
  2 necrophages
  69 ogres
  A swamp dragon zombie (Abyss:5)
  9 boggarts
  9 centaurs
  A dream sheep skeleton (Crypt:3)
  20 crocodiles
  A blink frog skeleton (Crypt:2)
  A centaur (shapeshifter) (Depths:4)
  Blork the orc (D:6)
  5 big kobolds
  4 human zombies
  2 elf zombies
  25 bullfrogs
  A wyvern zombie (D:6)
  A deep troll simulacrum (Vaults:1)
  A gnoll sergeant (D:8)
  A hell hound zombie (Crypt:3)
  6 earth elementals
  A wyvern skeleton (D:14)
  A draconian skeleton (Crypt:1)
  A troll zombie (Crypt:1)
  4 scorpions
  A snapping turtle simulacrum (Abyss:5)
  21 wights
  2 howler monkeys
  2 electric eels
  A yak skeleton (Crypt:1)
  14 crimson imps
  8 lava snakes (Volcano)
  5 centaur zombies
  A bullfrog zombie (D:11)
  4 hounds
  34 orc priests
  6 quasits
  12 centaur skeletons
  6 jellies
  42 orc wizards
  A bullfrog skeleton (D:12)
  3 iron imps
  An iguana (D:12)
  16 worker ants
  Terence (D:3)
  A sky beast zombie (Crypt:3)
  A demigod skeleton (Crypt:1)
  A felid skeleton (Crypt:2)
  A tengu skeleton (Crypt:2)
  3 hound skeletons
  A worker ant zombie (D:5)
  7 gnolls
  15 adders
  5 shadow imps
  A white imp (Depths:1)
  4 ufetubi
  An adder zombie (D:6)
  An iguana skeleton (Crypt:3)
  2 worms
  2 dart slugs
  A leopard gecko (D:4)
  134 orcs
  3 ball pythons
  2 giant cockroaches
  A gnoll zombie (Crypt:2)
  3 hobgoblins
  15 jackals
  27 kobolds
  3 quokkas
  6 bats
  7 frilled lizards
  5 goblins
  A kobold zombie (Crypt:3)
  2 leopard gecko skeletons
  A leopard gecko zombie (D:5)
  An orc zombie (Crypt:1)
  4 rats
  4 crawling corpses
  5 lurking horrors
  12 plants (Lair:4)
  30 starspawn tentacles
3400 creatures vanquished.

Vanquished Creatures (others)
  A fire giant (Depths:1)
  A balrug (Abyss:5)
  An ironheart preserver (Vaults:2)
  3 stone giants
  A hydra (D:12)
  A centaur warrior (Depths:2)
  2 hell hogs
  A naga sharpshooter (Snake:3)
  66 ball lightnings
  A mana viper (Snake:1)
  A necromancer (Depths:1)
  A salamander (Depths:4)
  4 yaktaurs
  A slime creature (D:12)
  A raiju (Abyss:5)
  A starcursed mass (Abyss:5)
  A human (Swamp:3)
  2 vampire mosquitoes (D:12)
  An ogre (Vaults:2)
  A small abomination (Abyss:5)
  A crimson imp (Depths:1)
  A bullfrog zombie (D:12)
  A jelly (D:12)
  A bullfrog skeleton (D:12)
  2 orc wizards (D:12)
  An adder (D:12)
  4 orcs (D:12)
  6 fungi
  A lurking horror (Abyss:4)
  9 plants
  56 starspawn tentacles
175 creatures vanquished.

Grand Total: 3575 creatures vanquished

Notes
Turn   | Place    | Note
-------+----------+-------------------------------------------
     0 | D:1      | Khazard the Tengu Wizard began the quest for the Orb.
     0 | D:1      | Reached XP level 1. HP: 10/10 MP: 5/5
   325 | D:1      | Reached XP level 2. HP: 15/15 MP: 2/7
   627 | D:2      | Learned a level 2 spell: Blink
   630 | D:2      | Learned a level 2 spell: Repel Missiles
   684 | D:2      | Reached XP level 3. HP: 19/19 MP: 2/8
   689 | D:2      | Learned a level 3 spell: Mephitic Cloud
   754 | D:3      | Noticed Terence
   791 | D:3      | Killed Terence
   937 | D:3      | Reached XP level 4. HP: 24/24 MP: 3/10
  1215 | D:2      | Reached skill level 5 in Conjurations
  1282 | D:2      | You fall through a shaft for 2 floors!
  1317 | D:4      | Gained mutation: You can fly. [Tengu growth]
  1317 | D:4      | Reached XP level 5. HP: 28/28 MP: 6/11
  1556 | D:3      | Reached skill level 1 in Translocations
  1700 | D:3      | Reached skill level 1 in Air Magic
  1714 | D:3      | Reached XP level 6. HP: 32/32 MP: 9/13
  2372 | D:4      | Reached skill level 1 in Poison Magic
  2571 | D:4      | Reached skill level 1 in Charms
  2571 | D:4      | Reached skill level 2 in Air Magic
  2571 | D:4      | Reached XP level 7. HP: 36/36 MP: 10/14
  3257 | D:5      | Entered Level 5 of the Dungeon
  3602 | D:5      | Found an iron altar of Okawaru.
  4151 | D:6      | Noticed Grinder
  4164 | D:6      | Paralysed by Grinder for 3 turns
  4195 | D:6      | Gained mutation: Your spells are a little harder to cast, but a little more powerful. [potion of mutation]
  4195 | D:6      | Gained mutation: You are partially covered in yellow scales. (AC +2) [potion of mutation]
  4195 | D:6      | Gained mutation: You have supernaturally acute eyesight. (SInv) [potion of mutation]
  4213 | D:6      | Killed Grinder
  4213 | D:6      | Reached skill level 3 in Air Magic
  4213 | D:6      | Reached XP level 8. HP: 26/41 MP: 11/15
  4232 | D:6      | Noticed Edmund
  4355 | D:6      | Killed Edmund
  4550 | D:5      | Learned a level 3 spell: Conjure Flame
  4609 | D:6      | Got a translucent crystal amulet
  4610 | D:6      | Identified the amulet of Junoalip {+Rage rC++} (You found it on level 6 of the Dungeon)
  4665 | D:6      | Noticed Blork the orc
  4698 | D:6      | Killed Blork the orc
  5060 | D:6      | Reached skill level 5 in Dodging
  5550 | D:7      | Reached skill level 4 in Air Magic
  5895 | D:7      | Reached skill level 5 in Spellcasting
  5943 | D:7      | Reached XP level 9. HP: 45/45 MP: 17/17
  6057 | D:7      | Found a stormy altar of Qazlal.
  6088 | D:7      | Found a shimmering altar of Xom.
  6293 | D:7      | Found a staircase to the Ecumenical Temple.
  6297 | D:7      | Reached skill level 1 in Fighting
  6305 | Temple   | Entered the Ecumenical Temple
  6435 | Temple   | Became a worshipper of Makhleb the Destroyer
  6511 | D:7      | Reached skill level 5 in Air Magic
  6705 | D:7      | Got a steaming shield
  6706 | D:7      | Identified the +0 shield of Ennui {Dex+6 Slay+2} (You found it on level 7 of the Dungeon)
  6764 | D:7      | Found a white marble altar of Elyvilon.
  6865 | D:7      | Found an opulent altar of Gozag.
  7218 | D:8      | Found Neizuogh's Weapon Shop.
  7269 | D:8      | Noticed Psyche
  7275 | D:8      | Killed Psyche
  7275 | D:8      | Reached skill level 6 in Air Magic
  7275 | D:8      | Reached skill level 1 in Invocations
  7417 | D:8      | Found a sparkling altar of Nemelex Xobeh.
  7773 | D:8      | Found a hide-covered altar of Uskayaw.
  7773 | D:8      | Found a shattered altar of Ashenzari.
  7977 | D:9      | Reached * piety under Makhleb
  7980 | D:9      | Reached XP level 10. HP: 54/54 MP: 19/19
  8038 | D:9      | Reached skill level 7 in Air Magic
  8171 | D:9      | Noticed CcS's ghost (novice MiBe)
  8178 | D:9      | Got a smoking ruby amulet
  8179 | D:9      | Identified the amulet of Olainn {Gourm MR+ Int+2 Dex+6} (You found it on level 9 of the Dungeon)
  8438 | D:9      | Killed CcS's ghost
  8695 | D:9      | Reached skill level 8 in Air Magic
  9060 | D:10     | Entered Level 10 of the Dungeon
  9403 | D:10     | Noticed a gargoyle
  9446 | D:10     | Reached ** piety under Makhleb
  9460 | D:10     | Learned a level 2 spell: Call Imp
  9495 | D:10     | Noticed Urug
  9896 | D:10     | Reached skill level 10 in Conjurations
  9967 | D:11     | Noticed a white ugly thing
  9974 | D:11     | Killed a white ugly thing
  9984 | D:11     | Reached skill level 9 in Air Magic
 10078 | D:11     | Found Collep's Assorted Antiques.
 10086 | D:11     | Bought a scroll labeled ANEKUO REUGI for 28 gold pieces
 10086 | D:11     | Bought a scroll labeled ENTEXASTUL for 28 gold pieces
 10197 | D:11     | Noticed a cyclops
 10208 | D:11     | Killed a cyclops
 10223 | D:11     | Reached XP level 11. HP: 18/60 MP: 21/21
 10507 | D:11     | Found a staircase to the Lair.
 10560 | D:11     | Learned a level 3 spell: Stone Arrow
 10584 | D:11     | Noticed a hill giant
 10588 | D:11     | Killed a hill giant
 10588 | D:11     | Reached skill level 1 in Earth Magic
 11172 | D:11     | Reached *** piety under Makhleb
 11913 | D:10     | Found a burning altar of Makhleb.
 12201 | D:10     | HP: 3/60 [poisoned by Urug]
 12211 | D:10     | Killed Urug
 12687 | D:10     | Found a staircase to the Orcish Mines.
 12828 | D:12     | Noticed a hill giant
 12832 | D:12     | Noticed a five-headed hydra
 12834 | D:12     | Killed a hill giant
 12836 | D:11     | Noticed a four-headed hydra
 12916 | D:11     | Killed a four-headed hydra
 13066 | D:12     | Noticed a hill giant
 13069 | D:12     | Noticed a purple ugly thing
 13074 | D:11     | Killed a hill giant
 13254 | D:12     | Found a sparkling altar of Nemelex Xobeh.
 13276 | D:12     | Killed a brown ugly thing
 13560 | D:12     | Killed a five-headed hydra
 13632 | D:12     | Reached XP level 12. HP: 68/68 MP: 24/24
 13685 | D:12     | Noticed a six-headed hydra
 13715 | D:12     | Reached **** piety under Makhleb
 13715 | D:12     | Reached skill level 5 in Fighting
 13846 | D:12     | Noticed a centaur warrior
 13852 | D:12     | Killed a centaur warrior
 13863 | D:12     | Learned a level 2 spell: Sublimation of Blood
 13929 | D:12     | Killed a six-headed hydra
 13929 | D:12     | Reached skill level 1 in Necromancy
 14970 | D:13     | Reached skill level 10 in Air Magic
 15586 | D:13     | Reached skill level 5 in Necromancy
 15715 | D:13     | Noticed a centaur warrior
 15724 | D:13     | Killed a centaur warrior
 15855 | D:13     | Noticed a centaur warrior
 15876 | D:13     | Killed a centaur warrior
 15896 | D:13     | Reached ***** piety under Makhleb
 16110 | D:13     | Reached XP level 13. HP: 75/75 MP: 25/27
 16215 | D:13     | Got a crystal falchion {slice}
 16216 | D:13     | Identified the cursed +1 falchion of Annoyance {slice, rF++} (You took it off a skeletal warrior on level 13 of the Dungeon)
 16735 | D:14     | Learned a level 5 spell: Bolt of Draining
 16741 | D:14     | Learned a level 5 spell: Lightning Bolt
 17059 | D:14     | Noticed a vault guard
 17065 | D:14     | Killed a vault guard
 17065 | D:14     | Reached skill level 11 in Air Magic
 17078 | D:14     | Noticed a vault guard
 17078 | D:14     | Noticed a vault guard
 17090 | D:14     | Killed a vault guard
 17136 | D:14     | Killed a vault guard
 17145 | D:14     | Noticed a vault guard
 17322 | D:14     | Killed a vault guard
 17591 | D:14     | Noticed a vault guard
 17609 | D:14     | Killed a vault guard
 17754 | D:14     | Noticed a vault guard
 17958 | D:14     | Found a gate to the Vaults.
 17974 | D:14     | Noticed a vault guard
 17987 | D:14     | Killed a vault guard
 18307 | D:14     | Killed a vault guard
 18394 | D:14     | Gained mutation: You can fly continuously. [Tengu growth]
 18394 | D:14     | Reached XP level 14. HP: 83/83 MP: 4/28
 18644 | D:14     | Noticed Roxanne
 18664 | D:14     | Reached skill level 12 in Air Magic
 18933 | D:15     | Entered Level 15 of the Dungeon
 19165 | D:15     | Reached skill level 10 in Spellcasting
 19345 | D:15     | Reached skill level 10 in Necromancy
 20486 | D:15     | Found a staircase to the Depths.
 20533 | D:15     | Reached skill level 15 in Conjurations
 20682 | Lair:1   | Entered Level 1 of the Lair of Beasts
 20716 | Lair:1   | Found a dark tunnel.
 20725 | Volcano  | Entered a volcano
 20960 | Volcano  | Found a burning altar of Makhleb.
 20975 | Volcano  | Noticed a stone giant
 20976 | Volcano  | Reached ****** piety under Makhleb
 21225 | Volcano  | Killed a stone giant
 21225 | Volcano  | Reached skill level 13 in Air Magic
 22820 | Lair:2   | Reached skill level 14 in Air Magic
 23679 | Lair:3   | Reached XP level 15. HP: 87/88 MP: 28/30
 24863 | Lair:4   | Noticed Nessos
 25557 | Lair:4   | Reached skill level 15 in Air Magic
 25617 | Lair:4   | Noticed Snorg
 25620 | Lair:4   | Killed Snorg
 25644 | Lair:4   | Killed Nessos
 25675 | Lair:4   | Found a staircase to the Swamp.
 25694 | Lair:4   | Got an ichor-stained fustibalus
 25695 | Lair:4   | Identified the +3 fustibalus "Giant's Death" {venom, Str+3 Dex-4 SInv} (You found it on level 4 of the Lair of Beasts)
 25812 | Lair:4   | Found a staircase to the Snake Pit.
 26556 | Lair:5   | Found a staircase to the Slime Pits.
 27187 | Lair:5   | Reached skill level 16 in Air Magic
 27782 | Lair:6   | Entered Level 6 of the Lair of Beasts
 27905 | Lair:6   | Reached skill level 17 in Air Magic
 28223 | Lair:6   | Learned a level 6 spell: Deflect Missiles
 28584 | Lair:6   | Reached skill level 18 in Air Magic
 28594 | Lair:6   | Reached XP level 16. HP: 92/92 MP: 8/32
 28807 | Lair:6   | Reached skill level 19 in Air Magic
 29528 | Orc:1    | Entered Level 1 of the Orcish Mines
 29719 | Orc:1    | Found Doxkirebb's Distillery.
 30213 | Orc:2    | Entered Level 2 of the Orcish Mines
 30213 | Orc:2    | Found a bloodstained altar of Trog.
 30827 | Orc:2    | Found a staircase to the Elven Halls.
 31406 | Orc:2    | Learned a level 9 spell: Tornado
 32320 | Orc:2    | Reached skill level 20 in Air Magic
 32350 | Orc:2    | Found Uteikeot's Antique Armour Boutique.
 32350 | Orc:2    | Found Ralul's Antique Weapon Shop.
 32351 | Orc:2    | Found Suskiphe's General Store.
 32351 | Orc:2    | Found Baxu's Jewellery Boutique.
 32368 | Orc:2    | Bought a pair of runed gloves for 262 gold pieces
 32368 | Orc:2    | Bought an embroidered cloak for 262 gold pieces
 32459 | Orc:2    | Bought an uncursed ring of wizardry for 420 gold pieces
 32462 | Orc:2    | Bought a scroll of acquirement for 572 gold pieces
 32793 | Elf:1    | Entered Level 1 of the Elven Halls
 33567 | Elf:1    | Reached skill level 21 in Air Magic
 33601 | Elf:1    | Reached XP level 17. HP: 87/97 MP: 15/34
 33708 | Elf:1    | Found Celavas's Book Boutique.
 33716 | Elf:1    | Bought a book of Battle for 680 gold pieces
 33721 | Elf:1    | Learned a level 3 spell: Regeneration
 34284 | Elf:1    | Identified the Grimoire of Supportive Combat Magic
 34934 | Swamp:1  | Entered Level 1 of the Swamp
 34984 | Swamp:1  | Reached skill level 1 in Shields
 36518 | Swamp:3  | Noticed Donald
 36522 | Swamp:3  | Killed Donald
 36651 | Swamp:3  | Got a slimy ivory amulet
 36672 | Swamp:3  | Noticed Jorgrun
 36679 | Swamp:3  | Noticed Kirke
 36783 | Swamp:3  | Killed Jorgrun
 36800 | Swamp:3  | Identified the amulet of Pefo {Spirit Int+4} (You found it on level 3 of the Swamp)
 36832 | Swamp:3  | Killed Kirke
 36939 | Swamp:3  | Reached skill level 22 in Air Magic
 36939 | Swamp:3  | Reached XP level 18. HP: 76/102 MP: 29/36
 37335 | Swamp:4  | Entered Level 4 of the Swamp
 38087 | Swamp:4  | Noticed the 27-headed Lernaean hydra
 38100 | Swamp:4  | Killed the 27-headed Lernaean hydra
 38100 | Swamp:4  | Reached skill level 23 in Air Magic
 38100 | Swamp:4  | Reached XP level 19. HP: 107/107 MP: 10/37
 38227 | Swamp:4  | SKRAWWWW
 38308 | Swamp:4  | Learned a level 6 spell: Conjure Ball Lightning
 38559 | Swamp:4  | Got a decaying rune of Zot
 39241 | Elf:2    | Reached skill level 10 in Dodging
 39584 | Elf:2    | Found a runed gate.
 39584 | Elf:2    | Found a runed gate.
 39584 | Elf:2    | Found a runed gate.
 39901 | Elf:3    | Entered Level 3 of the Elven Halls
 40197 | Orc:2    | Bought a runed robe for 167 gold pieces
 40353 | Elf:3    | Found Vitatol's Food Emporium.
 40661 | Elf:3    | Reached skill level 24 in Air Magic
 41681 | Elf:3    | Cast into level 1 of the Abyss (deep elf mage)
 41742 | Abyss:1  | Found a corrupted altar of Lugonu.
 41830 | Abyss:1  | Noticed a bone dragon
 41856 | Abyss:1  | Killed a bone dragon
 41856 | Abyss:1  | Reached XP level 20. HP: 112/112 MP: 5/38
 42031 | Abyss:1  | Got a polished leather armour
 42032 | Abyss:1  | Identified the cursed +0 leather armour of a labyrinth {*Slow +Fly Int+4} (You found it on level 1 of the Abyss)
 42171 | Elf:3    | Escaped the Abyss
 42275 | Elf:3    | Got a faintly glowing dagger {venom}
 42276 | Elf:3    | Identified the +10 dagger of Midnight {venom, rElec} (You took it off a deep elf annihilator on level 3 of the Elven Halls)
 42277 | Elf:3    | dane
 42459 | Elf:3    | Got a slimy large shield
 42478 | Elf:3    | Identified the +0 large shield of Plasticity {Dex+3} (You took it off a deep elf mage on level 3 of the Elven Halls)
 42589 | Elf:3    | Got a vibrating lead ring
 42590 | Elf:3    | Identified the ring "Biwar" {rElec rN+ MP+9 Str+2 Dex-5} (You took it off a deep elf death mage on level 3 of the Elven Halls)
 42810 | Elf:3    | Identified Hasomep's Disquisition on Cankerous Translocation
 43240 | Vaults:1 | Entered Level 1 of the Vaults
 43246 | Vaults:1 | Got a faintly glowing ring mail
 43257 | Vaults:1 | Identified the +4 ring mail of the Endless Stars {rElec} (You found it on level 1 of the Vaults)
 43345 | Vaults:1 | Found Ziexuf's Food Emporium.
 43509 | Vaults:1 | Reached skill level 5 in Charms
 43512 | Vaults:1 | Reached skill level 5 in Translocations
 43832 | Vaults:1 | Reached skill level 25 in Air Magic
 43832 | Vaults:1 | Reached XP level 21. HP: 70/116 MP: 22/40
 44620 | Vaults:2 | Reached skill level 26 in Air Magic
 45345 | Vaults:2 | Reached skill level 27 in Air Magic
 45778 | Vaults:3 | Found Wocez's Weapon Emporium.
 45842 | Vaults:3 | Reached skill level 15 in Spellcasting
 46067 | Vaults:3 | Reached XP level 22. HP: 122/122 MP: 24/42
 46079 | Vaults:3 | Learned a level 5 spell: Dispel Undead
 46443 | Vaults:3 | Reached skill level 5 in Shields
 46498 | Vaults:3 | Got an ancient arbalest
 46499 | Vaults:3 | Identified the cursed +0 arbalest of Exoneration {venom, rN+++ Str-3 Stlth+} (You took it off an orc on level 3 of the Vaults)
 46892 | Vaults:3 | Found a staircase to the Crypt.
 46892 | Vaults:3 | Found a basalt altar of Yredelemnul.
 46893 | Vaults:3 | Found an ancient bone altar of Kikubaaqudgha.
 47379 | Elf:1    | Bought a Necronomicon for 1876 gold pieces
 47390 | Elf:1    | Learned a level 8 spell: Necromutation
 48138 | Vaults:4 | Found a portal to a secret trove of treasure.
 48325 | Vaults:4 | Reached skill level 1 in Transmutations
 48963 | Vaults:4 | Found a radiant altar of Vehumet.
 48988 | Vaults:4 | Got a faintly glowing robe
 48999 | Vaults:4 | Identified the +1 robe of Conscience {rN++ rCorr Dex+3 Slay-5} (You found it on level 4 of the Vaults)
 49006 | Vaults:4 | Got a bloodstained robe
 49012 | Vaults:4 | Identified the +1 robe of the Cricket {rPois rN+} (You found it on level 4 of the Vaults)
 49022 | Vaults:4 | Got a transparent hat
 49033 | Vaults:4 | Identified the cursed +0 hat of the Bruised Spirits {MR++ Int+3} (You found it on level 4 of the Vaults)
 49087 | Vaults:4 | Got a steaming robe
 49098 | Vaults:4 | Identified the +2 robe of the Sun {rC++ SInv} (You found it on level 4 of the Vaults)
 49430 | Crypt:1  | Entered Level 1 of the Crypt
 51118 | Crypt:3  | Entered Level 3 of the Crypt
 51413 | Crypt:3  | Reached XP level 23. HP: 126/126 MP: 11/43
 51467 | Crypt:3  | Found a staircase to the Tomb.
 51630 | Crypt:3  | Reached skill level 5 in Transmutations
 51638 | Crypt:3  | Reached skill level 15 in Necromancy
 51695 | Crypt:3  | Found a basalt altar of Yredelemnul.
 52623 | Slime:1  | Entered Level 1 of the Pits of Slime
 52796 | Slime:5  | Entered Level 5 of the Pits of Slime
 52898 | Slime:5  | Noticed the Royal Jelly
 52908 | Slime:5  | Killed the Royal Jelly
 52908 | Slime:5  | Reached XP level 24. HP: 132/132 MP: 14/44
 52980 | Slime:5  | Gained mutation: You possess an exceptional clarity of mind. [potion of beneficial mutation]
 53048 | Slime:5  | Identified Kyamom's Grimoire of the Birds and the Blaze
 53112 | Slime:5  | Got a slimy rune of Zot
 53220 | Slime:5  | Got a bone rapier
 53223 | Slime:5  | Identified the cursed +1 rapier of Yhav Fosi {pierce, rF+} (You found it on level 5 of the Pits of Slime)
 53344 | Slime:5  | Got a brightly glowing robe
 53355 | Slime:5  | Identified the +1 robe of the Tuna {rF- rC+ MR+++} (You found it on level 5 of the Pits of Slime)
 53746 | Snake:1  | Entered Level 1 of the Snake Pit
 53985 | Snake:1  | Got an ebony rapier
 53986 | Snake:1  | Identified the +4 rapier "Piphicziwu" {freeze, Dex+6} (You found it on level 1 of the Snake Pit)
 54027 | Snake:1  | Learned a level 1 spell: Apportation
 54711 | Snake:2  | Found Haank's Gadget Boutique.
 54712 | Snake:2  | Found Teduaxio's Jewellery Emporium.
 54713 | Snake:2  | Found Vusuuw's Gadget Boutique.
 54916 | Snake:3  | Noticed Aizul
 54968 | Snake:3  | Noticed Vashnia
 54971 | Snake:3  | Killed Vashnia
 54989 | Snake:3  | Killed Aizul
 55031 | Snake:3  | Noticed Louise
 55033 | Snake:3  | Killed Louise
 55057 | Snake:3  | Reached skill level 10 in Transmutations
 55692 | Snake:4  | Entered Level 4 of the Snake Pit
 55711 | Snake:4  | Found a deep blue altar of Sif Muna.
 55894 | Snake:4  | Noticed stickyfingers's ghost (adept CeVM)
 55898 | Snake:4  | Killed stickyfingers's ghost
 56474 | Snake:4  | Reached XP level 25. HP: 131/135 MP: 28/45
 57091 | Vaults:4 | You showed the slimy rune of Zot to enter a treasure trove
 57092 | Trove    | Entered a treasure trove
 57104 | Trove    | Got a serpentine tin amulet
 57105 | Trove    | Identified the amulet of Moil {Regen+ Dex+4} (You found it in a treasure trove)
 57108 | Trove    | Got a wavering amethyst amulet
 57109 | Trove    | Identified the amulet "Kuek" {Faith SInv} (You found it in a treasure trove)
 57112 | Trove    | Got a crude tin ring
 57113 | Trove    | Identified the ring "Bunn" {Ice MP+9 SInv Stlth+} (You found it in a treasure trove)
 57130 | Trove    | Got a wavering copper amulet
 57131 | Trove    | Identified the amulet of Vaiwn {Regen+ Str+6 Dex+2} (You found it in a treasure trove)
 57134 | Trove    | Got a vibrating graven amulet
 57135 | Trove    | Identified the amulet of Leleum Yclu {Faith rF++ Dex+3 Slay+3} (You found it in a treasure trove)
 57136 | Trove    | danee
 57137 | Trove    | Got a clouded brass ring
 57138 | Trove    | Identified the ring of Runia {rF+ MR+ Int+5 Slay+2} (You found it in a treasure trove)
 57139 | Trove    | DANEE
 57140 | Trove    | Got a bound bronze ring
 57142 | Trove    | Got a brightly glowing turquoise ring
 57144 | Trove    | Identified the ring of Cilyty {Ice Str+3} (You found it in a treasure trove)
 57147 | Trove    | Identified the ring "Doast" {Fire Str+4} (You found it in a treasure trove)
 57157 | Trove    | Got a bound steel ring
 57158 | Trove    | Identified the ring "Gecetox" {Ice MR++} (You found it in a treasure trove)
 57408 | Depths:1 | Entered Level 1 of the Depths
 57988 | Depths:1 | Found a one-way gate leading to the halls of Pandemonium.
 58765 | Depths:1 | Found a gateway to a ziggurat.
 58845 | Depths:1 | Learned a level 4 spell: Airstrike
 59079 | Depths:1 | Found a gateway to Hell.
 59182 | Depths:1 | Noticed Margery
 59195 | Depths:1 | Killed Margery
 59445 | Depths:1 | Found a snail-covered altar of Cheibriados.
 60639 | Depths:3 | Reached XP level 26. HP: 127/141 MP: 19/45
 60787 | Depths:3 | Reached skill level 10 in Shields
 60965 | Depths:3 | Noticed a juggernaut
 60970 | Depths:3 | Killed a juggernaut
 61157 | Depths:3 | Got bronze mottled dragon scales
 61158 | Depths:3 | Identified the +3 mottled dragon scales "Waev" {Int+3 Slay+2} (You took it off a fire giant on level 3 of the Depths)
 61336 | Depths:3 | Learned a level 3 spell: Ozocubu's Armour
 61789 | Depths:4 | Found a one-way gate to the infinite horrors of the Abyss.
 61841 | Depths:4 | Noticed Mara
 61846 | Depths:4 | Killed Mara
 61846 | Depths:4 | Reached XP level 27. HP: 135/146 MP: 11/46
 62113 | Depths:4 | Noticed a juggernaut
 62118 | Depths:4 | Killed a juggernaut
 62139 | Depths:4 | Noticed a juggernaut
 62145 | Depths:4 | Killed a juggernaut
 62474 | Depths:4 | Found a sparkling altar of Nemelex Xobeh.
 62834 | Depths:5 | Entered Level 5 of the Depths
 62843 | Depths:5 | Upgraded the game from 0.19.0-2-gae57169 to 0.19.0-9-gfd783f2
 62873 | Depths:5 | Found a gate to the Realm of Zot.
 63178 | Depths:5 | Reached skill level 15 in Dodging
 63396 | Depths:5 | Reached skill level 1 in Evocations
 64128 | Vaults:5 | Entered Level 5 of the Vaults
 64134 | Vaults:5 | Noticed an ancient lich
 64137 | Vaults:5 | Reached skill level 5 in Evocations
 64139 | Vaults:5 | Killed an ancient lich
 64142 | Vaults:5 | Noticed an ancient lich
 64151 | Vaults:5 | Killed an ancient lich
 64183 | Vaults:5 | Reached skill level 10 in Fighting
 64197 | Vaults:5 | Noticed an ancient lich
 64202 | Vaults:5 | Killed an ancient lich
 64343 | Vaults:5 | Reached skill level 10 in Evocations
 64732 | Vaults:5 | Noticed an ancient lich
 64733 | Vaults:5 | Noticed an ancient lich
 64738 | Vaults:5 | Killed an ancient lich
 64739 | Vaults:5 | Killed an ancient lich
 64888 | Vaults:5 | Noticed Mennas
 64899 | Vaults:5 | Killed Mennas
 65207 | Vaults:5 | Identified Fuuj's Catalogue of Aerial Dislocation
 65829 | Depths:4 | Voluntarily entered the Abyss.
 65834 | Abyss:1  | Got a glittering ivory ring
 65835 | Abyss:1  | Identified the ring of Zeifrys {*Drain +Fly rN++} (You found it on level 1 of the Abyss)
 66160 | Abyss:2  | Found a hazy altar of Hepliaklqana.
 66409 | Abyss:3  | Found a corrupted altar of Lugonu.
 66584 | Abyss:4  | Found a corrupted altar of Lugonu.
 66611 | Abyss:4  | Found a corrupted altar of Lugonu.
 66664 | Abyss:4  | Reached skill level 1 in Staves
 66760 | Abyss:4  | Reached skill level 5 in Staves
 66905 | Abyss:5  | Entered Level 5 of the Abyss
 66905 | Abyss:5  | Found a corrupted altar of Lugonu.
 67385 | Abyss:5  | Paralysed by accursed screaming for 1 turns
 67472 | Abyss:5  | Reached skill level 15 in Transmutations
 67860 | Abyss:5  | Paralysed by accursed screaming for 1 turns
 68106 | Abyss:5  | Demolished by a Hell Sentinel

Skill      XL: |  1  2  3  4  5  6  7  8  9 10 11 12 13 14 15 16 17 18 19 20 21 22 23 24 25 26 27 |
---------------+----------------------------------------------------------------------------------+-----
Conjurations   | 2 3 4 5 6 7 8 10 13 15 16 17 20 | 20.4
Spellcasting   | 4 5 6 7 9 10 11 12 13 14 15 16 17 18 21 | 21.9
Translocations | 1 2 4 5 |  5.0
Air Magic      | 1 2 3 4 6 9 10 11 14 18 21 22 23 24 25 27 | 27.0
Poison Magic   | 1 2 3 |  3.0
Dodging        | 3 4 5 7 8 9 11 12 13 14 15 | 15.0
Charms         | 1 2 3 5 |  5.1
Stealth        | 3 |  3.9
Fighting       | 2 3 4 6 7 13 | 13.3
Invocations    | 2 4 |  4.9
Earth Magic    | 2 |  2.0
Necromancy     | 6 9 10 11 12 14 16 18 19 20 23 | 23.0
Shields        | 4 7 9 11 13 | 13.4
Transmutations | 4 8 10 11 12 16 | 16.2
Evocations     | 11 | 11.9
Staves         | 9 |  9.4
Summonings     | |  1.2

Action                   |  1- 3 |  4- 6 |  7- 9 | 10-12 | 13-15 | 16-18 | 19-21 | 22-24 | 25-27 || total
-------------------------+-------+-------+-------+-------+-------+-------+-------+-------+-------++-------
Melee: Dagger            |    24 |       |     8 |       |       |       |       |       |       ||    32
       Unarmed           |     6 |       |    25 |       |       |       |       |       |       ||    31
       Kick              |     8 |    10 |    25 |    20 |    23 |    12 |     6 |     5 |    11 ||   120
       Peck              |     1 |     4 |    17 |    14 |    20 |     6 |     3 |     5 |     9 ||    79
       Great sword       |       |    24 |    44 |       |       |       |       |       |       ||    68
       Halberd           |       |       |    74 |   125 |    27 |       |       |       |       ||   226
       Falchion          |       |       |       |       |    25 |    17 |       |       |     4 ||    46
       Staff             |       |       |       |       |       |     8 |    12 |    23 |    21 ||    64
Throw: Throwing net      |       |       |     1 |       |       |     1 |       |       |       ||     2
 Cast: Magic Dart        |    39 |   115 |   240 |   157 |    17 |     3 |       |       |       ||   571
       Repel Missiles    |     1 |       |       |     3 |     1 |       |       |       |       ||     5
       Mephitic Cloud    |     2 |     2 |    19 |    25 |     4 |       |       |       |       ||    52
       Blink             |     1 |       |    13 |    27 |     2 |     1 |     6 |     7 |     5 ||    62
       Conjure Flame     |       |       |     7 |    23 |    15 |       |       |       |       ||    45
       Stone Arrow       |       |       |       |   270 |   173 |   210 |    68 |    11 |    14 ||   746
       Sublimation of Bl |       |       |       |     2 |    71 |   187 |   198 |   263 |   227 ||   948
       Bolt of Draining  |       |       |       |       |   206 |   146 |    56 |   110 |    27 ||   545
       Lightning Bolt    |       |       |       |       |   165 |   225 |   284 |   333 |   257 ||  1264
       Deflect Missiles  |       |       |       |       |     1 |     1 |     2 |     3 |     8 ||    15
       Tornado           |       |       |       |       |       |     7 |    48 |    55 |   193 ||   303
       Regeneration      |       |       |       |       |       |    21 |    43 |    74 |    41 ||   179
       Conjure Ball Ligh |       |       |       |       |       |       |    25 |     4 |       ||    29
       Dispel Undead     |       |       |       |       |       |       |       |    99 |    25 ||   124
       Necromutation     |       |       |       |       |       |       |       |     1 |    22 ||    23
       Airstrike         |       |       |       |       |       |       |       |       |   300 ||   300
       Ozocubu's Armour  |       |       |       |       |       |       |       |       |    12 ||    12
       Apportation       |       |       |       |       |       |       |       |       |     3 ||     3
 Abil: Fly               |       |       |       |    13 |     5 |       |       |       |       ||    18
       End Transformatio |       |       |       |       |       |       |       |     1 |     3 ||     4
Evoke: Wand              |       |       |       |    19 |     7 |     1 |     4 |     3 |     9 ||    43
       Staff of energy   |       |       |       |       |       |       |       |       |   577 ||   577
       Crystal ball of e |       |       |       |       |       |       |       |       |     1 ||     1
  Use: Potion            |     2 |     1 |     7 |     2 |     2 |     7 |     1 |     3 |     8 ||    33
       Scroll            |       |     3 |    10 |    14 |    14 |    13 |     6 |    11 |    17 ||    88
 Stab: Confused          |     3 |     1 |     7 |     4 |       |       |       |       |       ||    15
  Eat: Bread ration      |       |     2 |     2 |       |     2 |     4 |     4 |     8 |     4 ||    26
       Meat ration       |       |       |     2 |     3 |     3 |       |       |       |       ||     8
       Chunk             |       |       |       |    15 |    42 |    31 |    37 |     1 |    19 ||   145
       Royal jelly       |       |       |       |     1 |     2 |       |       |       |     1 ||     4
       Beef jerky        |       |       |       |       |     4 |       |     2 |     2 |     4 ||    12
       Pizza             |       |       |       |       |       |       |       |     8 |     1 ||     9
       Fruit             |       |       |       |       |       |       |       |       |     1 ||     1
Armor: Robe              |     3 |    10 |    46 |    38 |    47 |    18 |    21 |    19 |   142 ||   344
       Skin              |       |       |    23 |       |       |       |       |       |       ||    23
       Swamp dragon scal |       |       |       |       |       |    14 |       |       |       ||    14
Dodge: Dodged            |    18 |    39 |   136 |   223 |   203 |   261 |   253 |   312 |  1202 ||  2647
       Deflected         |       |       |     3 |    20 |     8 |    21 |    68 |    76 |   112 ||   308
Block: Shield            |       |       |       |       |       |     4 |       |       |       ||     4
       Buckler           |       |       |       |       |       |       |       |    58 |   482 ||   540
       Reflection        |       |       |       |       |       |       |       |    15 |    42 ||    57
       Rpst.: Great sword |       |    13 |    26 |       |       |       |       |       |       ||    39
       Falchion          |       |       |       |       |    27 |    11 |       |       |     9 ||    47
